 Dungeon Crawl Stone Soup version 0.22-a0-259-gdd11e71 (webtiles) character file.

3285 tidbits the Martial Artist (level 10, 10/74 HPs)
             Began as a Gnoll Transmuter on Mar 5, 2018.
             Was a Follower of Cheibriados.
             Quit the game on level 11 of the Dungeon.
             The game lasted 00:27:29 (2961 turns).

tidbits the Martial Artist (Gnoll Transmuter)       Turns: 2961, Time: 00:27:29

Health: 10/74      AC:  2    Str: 15    XL:     10   Next: 1%
Magic:  15/20      EV: 27    Int: 23    God:    Cheibriados [*.....]
Gold:   206        SH:  0    Dex: 23    Spells: 16/22 levels left

rFire    . . .     SeeInvis .     - Unarmed
rCold    . . .     Gourm    .   (shield currently unavailable)
rNeg     . . .     Faith    .   (armour currently unavailable)
rPois    x         Spirit   .   (helmet currently unavailable)
rElec    .         Reflect  .   (cloak currently unavailable)
rCorr    .         Harm     .   (gloves currently unavailable)
MR       .....                  (boots currently unavailable)
Stlth    +++.......             (no amulet)
HPRegen  0.22/turn              (no ring)
MPRegen  0.17/turn              (no ring)

@: spider-form, very slightly contaminated, very slow
A: tiny, distributed training, strong nose
a: End Transformation, Bend Time, Renounce Religion


You were on level 11 of the Dungeon.
You worshipped Cheibriados.
Cheibriados was aware of your devotion.
You were not hungry.
You were a venomous arachnid creature.
You visited 2 branches of the dungeon, and saw 12 of its levels.
You also visited: Sewer.

You collected 371 gold pieces.
You spent 165 gold pieces at shops.

Inventory:

Hand Weapons
 b - a +0 dagger (melded)
 n - a +0 war axe
 u - a +1 blowgun
 C - a +0 arbalest
 H - a +1 flail of crushing
   (You took it off an orc on level 8 of the Dungeon)
Missiles
 a - 130 arrows
 k - 12 curare-tipped needles
 p - 4 javelins (quivered)
 F - 5 tomahawks
 N - 3 silver tomahawks
Armour
 o - a +1 helmet
 B - a cursed +0 leather armour (melded)
 E - a +2 helmet (melded)
 G - a +2 pair of gloves (melded)
 O - a +0 robe
Wands
 A - a wand of random effects (52)
 I - a wand of polymorph (8)
 K - a wand of disintegration (7)
 P - a wand of paralysis (4)
Scrolls
 f - 4 scrolls of amnesia
 g - 5 scrolls of enchant armour
 j - a scroll of enchant weapon
 y - 2 scrolls of immolation
 M - a scroll of magic mapping {unknown}
 Q - a scroll of fog
Potions
 d - a potion of lignification {unknown}
 e - 2 potions of resistance {unknown}
 h - 2 potions of flight
 i - a potion of berserk rage
 m - 4 potions of curing
 q - 2 potions of ambrosia
 w - 3 potions of brilliance
 x - a potion of agility
 z - a potion of might
Comestibles
 c - 17 rations


   Skills:
 + Level 5.4 Fighting
 + Level 4.7 Short Blades
 + Level 4.7 Long Blades
 + Level 4.7 Axes
 + Level 4.7 Maces & Flails
 + Level 4.7 Polearms
 + Level 4.7 Staves
 + Level 4.7 Slings
 + Level 4.7 Bows
 + Level 4.7 Crossbows
 + Level 4.7 Throwing
 + Level 4.7 Armour
 + Level 6.6 Dodging
 + Level 4.7 Stealth
 + Level 4.7 Shields
 + Level 8.1 Unarmed Combat
 + Level 6.9 Spellcasting
 + Level 3.9 Conjurations
 + Level 3.9 Hexes
 + Level 3.9 Charms
 + Level 3.9 Summonings
 + Level 3.9 Necromancy
 + Level 3.9 Translocations
 + Level 5.5 Transmutations
 + Level 3.9 Fire Magic
 + Level 3.9 Ice Magic
 + Level 3.9 Air Magic
 + Level 3.9 Earth Magic
 + Level 3.9 Poison Magic
 + Level 5.2 Invocations
 + Level 4.7 Evocations


You had 16 spell levels left.
You knew the following spells:

 Your Spells              Type           Power        Failure   Level  Hunger
e - Beastly Appendage     Tmut           ####..       4%          1    None
k - Sticks to Snakes      Tmut           ####....     6%          2    None
p - Spider Form           Tmut/Pois      ####......   11%         3    None


Dungeon Overview and Level Annotations

Branches:
Dungeon (11/15)            Temple (1/1) D:7
   Lair: D:8-11         Orc: D:9-12

Altars:
Ashenzari
Cheibriados
Dithmenos
Elyvilon
Fedhas
Hepliaklqana
Kikubaaqudgha
Makhleb
Nemelex Xobeh
Okawaru
Qazlal
Ru
Trog
Uskayaw
Vehumet
Wu Jian
Xom
Yredelemnul
Zin
The Shining One

Shops:
D:11 }


Innate Abilities, Weirdness & Mutations

Your experience applies equally to all skills.
((You have very sharp teeth.))
Your uncanny sense of smell can sniff out nearby items.


Message History

Aiming: Paralyse
Press: ? - help, Shift-Dir - straight line, f/p - brown ugly thing
Aim: a brown ugly thing (lightly wounded, chance to defeat MR: 42%)
The brown ugly thing resists with some effort.
The centaur hits you but does no damage.
The brown ugly thing completely misses you.
The centaur barely misses you.
Evoke which item? (* to show all) (? for menu, Esc to quit)
Aiming: Paralyse
Press: ? - help, Shift-Dir - straight line, f/p - brown ugly thing
Aim: a brown ugly thing (lightly wounded, chance to defeat MR: 42%)
The brown ugly thing suddenly stops moving!
The centaur hits you.
* * * LOW HITPOINT WARNING * * *
A centaur comes into view.
Evoke which item? (* to show all) (? for menu, Esc to quit)
Aiming: Paralyse
Press: ? - help, Shift-Dir - straight line, f - centaur, p - brown ugly thing
Aim: a centaur (chance to defeat MR: 60%)
The centaur suddenly stops moving!
The centaur moves out of view.
Casting: Spider Form (safe; 4% risk of failure)
Confirm with . or Enter, or press ? or * to list all spells.
You turn into a venomous arachnid creature.
Your +0 dagger melds into your body.
Your +2 helmet melds into your body.
Your +2 pair of gloves melds into your body.
Your cursed +0 leather armour melds into your body.
The orc wizard completely misses you. The orc wizard misses you.
Unknown command.
You bite the orc wizard!
The orc wizard is poisoned.
The orc wizard is severely wounded.
The orc wizard completely misses you.
You hit the orc wizard.
You kill the orc wizard!
Cheibriados appreciates the change of pace.
The two-headed ogre is no longer paralysed.
You hit the centaur.
The centaur is poisoned.
The centaur is lightly wounded.
The centaur closely misses you.
You bite the centaur!
The centaur looks as sick as possible!
The centaur is heavily wounded.
The centaur closely misses you. The centaur completely misses you.
You hit the centaur.
The centaur looks as sick as possible!
The centaur is severely wounded.
The centaur hits you!
* * * LOW HITPOINT WARNING * * *
The hound barks!
You hit the centaur.
The centaur looks as sick as possible!
The centaur is almost dead.
You hear a bellow! x2
You kill the centaur!
Cheibriados thoroughly appreciates the change of pace.
You feel better. The wight completely misses you.
Unknown command.
The helpless centaur fails to defend itself.
You bite the centaur!
The centaur is poisoned.
The centaur is heavily wounded.
The helpless brown ugly thing fails to defend itself.
You bite the brown ugly thing!
The brown ugly thing is poisoned.
The brown ugly thing is moderately wounded.
The wight completely misses you.
The helpless brown ugly thing fails to defend itself.
You hit the brown ugly thing.
The brown ugly thing is moderately wounded.
The wight barely misses you.
You hit the wight.
The wight is moderately damaged.
The wight completely misses you.
A yak comes into view.
You hit the wight.
The wight is heavily damaged.
As you read the scroll labeled RIOXKY REOFENN, it crumbles to dust.
You hear a loud clanging noise!
It was a scroll of noise.
You hear a bellow!
You hear a shout! x2; You hear a screech!
You hear a shout! x3
You hear an angry hiss.
An orc wizard appears from thin air!
The wight hits you with an enchanted mace!
* * * LOW HITPOINT WARNING * * *
Unknown command.
The helpless centaur fails to defend itself.
You bite the centaur!
You kill the centaur!
You have reached level 10!
The brown ugly thing is no longer paralysed.
The brown ugly thing basks in your mutagenic energy and changes!
The wight completely misses you.
Okay, then.
As you read the scroll of fear, it crumbles to dust.
You assume a fearsome visage.
The centaur looks frightened! x2
The wight is unaffected.
The wight is unaffected.
The orc wizard looks frightened!
The orc looks frightened!
The yak looks frightened! x2; The hound looks frightened!
The two-headed ogre looks frightened!
The cyan ugly thing looks frightened!
The wight closely misses you.
The orc wizard mumbles some strange words.
The orc wizard flickers and vanishes!
Unknown command.
Okay, then.
Are you sure you want to abandon this character and quit the game? (Confirm with "yes".)

#...# #..# #..#
....... #...#
#..#
#..#####c......
. #...###..#
#....))uzz.....
.. #........#
#...####.Y.....
..###.....[..#
#.oY# {.c....
........####.#
#..c# .......
........#
#.#####.h.#
.....h.
........#
#.....uz..#
..z....
..###...#
#....s).{.#
.o..... . #...#
#.....zYO.#
....... #...#
#..####...#
#...# #..#
#..c# #...#
#..# #...#
#...# #..#
#...# #...#
#..# #...# ..#
#...# #.. #...#
..# #...# #..##


You could see a cyan ugly thing (fleeing), a two-headed ogre (fleeing), 2 yaks,
2 centaurs, a hound (fleeing), 2 wights and an orc (fleeing).

Vanquished Creatures
  2 cyclopes (D:11)
  5 yaks (D:11)
  An ice beast (D:10)
  A black bear (D:7)
  A sky beast (D:5)
  A phantom (D:7)
  3 centaurs
  2 bullfrogs
  2 scorpions
  2 wights (D:11)
  2 hounds
  A bullfrog zombie (D:5)
  A centaur skeleton (D:8)
  5 orc wizards
  2 worker ants
  4 gnolls
  7 river rats (Sewer)
  6 adders
  2 shadow imps (D:7)
  A worm (D:3)
  3 leopard geckos
  26 orcs
  6 giant cockroaches
  A goblin (D:3)
  5 hobgoblins
  3 ball pythons (Sewer)
  5 bats
  2 frilled lizards
  21 kobolds
  A quokka skeleton (D:8)
  26 rats
150 creatures vanquished.

Vanquished Creatures (collateral kills)
  A centaur skeleton (D:11)
  A black bear (D:9)
  A bullfrog (D:6)
  A river rat (Sewer)
  A shadow imp (D:5)
  2 rats (Sewer)
7 creatures vanquished.

Grand Total: 157 creatures vanquished

Notes
Turn   | Place    | Note
-------+----------+-------------------------------------------
     0 | D:1      | tidbits the Gnoll Transmuter began the quest for the Orb.
     0 | D:1      | Reached XP level 1. HP: 17/17 MP: 6/6
   233 | D:2      | Reached XP level 2. HP: 23/23 MP: 4/7
   238 | D:2      | Learned a level 2 spell: Sticks to Snakes
   261 | D:2      | Found an ancient bone altar of Kikubaaqudgha.
   263 | D:2      | Found a bloodstained altar of Trog.
   266 | D:2      | Found a shattered altar of Ashenzari.
   266 | D:2      | Found a radiant altar of Vehumet.
   271 | D:2      | Found a hazy altar of Hepliaklqana.
   465 | D:2      | Found a hide-covered altar of Uskayaw.
   465 | D:2      | Found a sacrificial altar of Ru.
   470 | D:2      | Reached XP level 3. HP: 27/28 MP: 6/9
   475 | D:2      | Learned a level 3 spell: Spider Form
   495 | D:3      | Reached skill level 5 in Spellcasting
   511 | D:3      | Reached skill level 1 in Invocations
   585 | D:3      | Reached skill level 1 in Short Blades
   585 | D:3      | Reached skill level 1 in Long Blades
   585 | D:3      | Reached skill level 1 in Axes
   585 | D:3      | Reached skill level 1 in Maces & Flails
   585 | D:3      | Reached skill level 1 in Polearms
   585 | D:3      | Reached skill level 1 in Staves
   585 | D:3      | Reached skill level 1 in Slings
   585 | D:3      | Reached skill level 1 in Bows
   585 | D:3      | Reached skill level 1 in Crossbows
   585 | D:3      | Reached skill level 1 in Throwing
   585 | D:3      | Reached skill level 1 in Armour
   585 | D:3      | Reached skill level 1 in Stealth
   585 | D:3      | Reached skill level 1 in Shields
   585 | D:3      | Reached skill level 1 in Evocations
   635 | D:3      | Reached XP level 4. HP: 31/34 MP: 3/11
   748 | D:3      | Reached skill level 1 in Conjurations
   748 | D:3      | Reached skill level 1 in Hexes
   748 | D:3      | Reached skill level 1 in Charms
   748 | D:3      | Reached skill level 1 in Summonings
   748 | D:3      | Reached skill level 1 in Necromancy
   748 | D:3      | Reached skill level 1 in Translocations
   748 | D:3      | Reached skill level 1 in Fire Magic
   748 | D:3      | Reached skill level 1 in Ice Magic
   748 | D:3      | Reached skill level 1 in Air Magic
   748 | D:3      | Reached skill level 1 in Earth Magic
   748 | D:3      | Reached skill level 1 in Poison Magic
   791 | D:3      | Found a glowing drain.
   799 | Sewer    | Entered a sewer
   812 | Sewer    | Reached XP level 5. HP: 40/40 MP: 1/12
   901 | Sewer    | Reached skill level 3 in Fighting
   996 | Sewer    | Reached skill level 4 in Transmutations
  1106 | Sewer    | Reached XP level 6. HP: 26/47 MP: 3/13
  1134 | Sewer    | Reached skill level 2 in Invocations
  1212 | D:3      | Found a stormy altar of Qazlal.
  1352 | D:5      | Entered Level 5 of the Dungeon
  1530 | D:5      | Found an ornate altar of the Wu Jian Council.
  1548 | D:5      | Noticed a sky beast
  1570 | D:5      | Killed a sky beast
  1570 | D:5      | Reached skill level 2 in Short Blades
  1570 | D:5      | Reached skill level 2 in Long Blades
  1570 | D:5      | Reached skill level 2 in Axes
  1570 | D:5      | Reached skill level 2 in Maces & Flails
  1570 | D:5      | Reached skill level 2 in Polearms
  1570 | D:5      | Reached skill level 2 in Staves
  1570 | D:5      | Reached skill level 2 in Slings
  1570 | D:5      | Reached skill level 2 in Bows
  1570 | D:5      | Reached skill level 2 in Crossbows
  1570 | D:5      | Reached skill level 2 in Throwing
  1570 | D:5      | Reached skill level 2 in Armour
  1570 | D:5      | Reached skill level 5 in Dodging
  1570 | D:5      | Reached skill level 2 in Stealth
  1570 | D:5      | Reached skill level 2 in Shields
  1570 | D:5      | Reached skill level 2 in Evocations
  1574 | D:5      | HP: 7/70 [bullfrog zombie (3)]
  1742 | D:5      | Reached XP level 7. HP: 36/52 MP: 11/15
  1806 | D:6      | You fall through a shaft for 3 floors!
  1813 | D:9      | Reached skill level 7 in Unarmed Combat
  1863 | D:8      | Reached skill level 2 in Conjurations
  1863 | D:8      | Reached skill level 2 in Hexes
  1863 | D:8      | Reached skill level 2 in Charms
  1863 | D:8      | Reached skill level 2 in Summonings
  1863 | D:8      | Reached skill level 2 in Necromancy
  1863 | D:8      | Reached skill level 2 in Translocations
  1863 | D:8      | Reached skill level 2 in Fire Magic
  1863 | D:8      | Reached skill level 2 in Ice Magic
  1863 | D:8      | Reached skill level 2 in Air Magic
  1863 | D:8      | Reached skill level 2 in Earth Magic
  1863 | D:8      | Reached skill level 2 in Poison Magic
  1974 | D:7      | Found a staircase to the Ecumenical Temple.
  1983 | Temple   | Entered the Ecumenical Temple
  2006 | Temple   | Became a worshipper of Cheibriados the Contemplative
  2035 | D:7      | Reached skill level 3 in Invocations
  2099 | D:7      | Found a stormy altar of Qazlal.
  2101 | D:7      | Noticed a water elemental
  2102 | D:7      | Noticed an air elemental
  2102 | D:7      | Noticed a fire elemental
  2137 | D:7      | Reached XP level 8. HP: 50/60 MP: 11/16
  2181 | D:6      | Reached skill level 4 in Fighting
  2185 | D:6      | Reached skill level 3 in Short Blades
  2185 | D:6      | Reached skill level 3 in Long Blades
  2185 | D:6      | Reached skill level 3 in Axes
  2185 | D:6      | Reached skill level 3 in Maces & Flails
  2185 | D:6      | Reached skill level 3 in Polearms
  2185 | D:6      | Reached skill level 3 in Staves
  2185 | D:6      | Reached skill level 3 in Slings
  2185 | D:6      | Reached skill level 3 in Bows
  2185 | D:6      | Reached skill level 3 in Crossbows
  2185 | D:6      | Reached skill level 3 in Throwing
  2185 | D:6      | Reached skill level 3 in Armour
  2185 | D:6      | Reached skill level 3 in Stealth
  2185 | D:6      | Reached skill level 3 in Shields
  2185 | D:6      | Reached skill level 3 in Evocations
  2361 | D:7      | Reached * piety under Cheibriados
  2525 | D:9      | Reached skill level 6 in Spellcasting
  2546 | D:10     | Entered Level 10 of the Dungeon
  2724 | D:11     | Found Bujuiss's Gadget Boutique.
  2738 | D:11     | Bought a wand of paralysis (13) for 165 gold pieces
  2751 | D:11     | Noticed a cyclops
  2763 | D:11     | Killed a cyclops
  2763 | D:11     | Reached skill level 6 in Dodging
  2763 | D:11     | Reached skill level 3 in Conjurations
  2763 | D:11     | Reached skill level 3 in Hexes
  2763 | D:11     | Reached skill level 3 in Charms
  2763 | D:11     | Reached skill level 3 in Summonings
  2763 | D:11     | Reached skill level 3 in Necromancy
  2763 | D:11     | Reached skill level 3 in Translocations
  2763 | D:11     | Reached skill level 5 in Transmutations
  2763 | D:11     | Reached skill level 3 in Fire Magic
  2763 | D:11     | Reached skill level 3 in Ice Magic
  2763 | D:11     | Reached skill level 3 in Air Magic
  2763 | D:11     | Reached skill level 3 in Earth Magic
  2763 | D:11     | Reached skill level 3 in Poison Magic
  2763 | D:11     | Reached skill level 4 in Invocations
  2763 | D:11     | Reached XP level 9. HP: 37/66 MP: 18/18
  2790 | D:11     | Reached skill level 4 in Short Blades
  2790 | D:11     | Reached skill level 4 in Long Blades
  2790 | D:11     | Reached skill level 4 in Axes
  2790 | D:11     | Reached skill level 4 in Maces & Flails
  2790 | D:11     | Reached skill level 4 in Polearms
  2790 | D:11     | Reached skill level 4 in Staves
  2790 | D:11     | Reached skill level 4 in Slings
  2790 | D:11     | Reached skill level 4 in Bows
  2790 | D:11     | Reached skill level 4 in Crossbows
  2790 | D:11     | Reached skill level 4 in Throwing
  2790 | D:11     | Reached skill level 4 in Armour
  2790 | D:11     | Reached skill level 4 in Stealth
  2790 | D:11     | Reached skill level 4 in Shields
  2790 | D:11     | Reached skill level 4 in Evocations
  2828 | D:11     | Reached skill level 5 in Fighting
  2833 | D:11     | HP: 1/68 [yak (12)]
  2846 | D:11     | Noticed a cyclops
  2855 | D:11     | Killed a cyclops
  2855 | D:11     | Reached skill level 8 in Unarmed Combat
  2855 | D:11     | Reached skill level 5 in Invocations
  2915 | D:11     | Noticed a two-headed ogre
  2921 | D:11     | Noticed a brown ugly thing
  2928 | D:11     | HP: 2/68 [two-headed ogre/giant club (11)]
  2935 | D:11     | HP: 1/68 [centaur/arrow (2)]
  2950 | D:11     | HP: 4/68 [centaur (9)]
  2959 | D:11     | Reached XP level 10. HP: 10/74 MP: 15/20
  2961 | D:11     | Quit the game

Vault maps used:
D:1:      lightli_arrival_statuegarden
D:2:      minitemple, gammafunk_temple_overflow_statue, fedhas_altar_4
D:3:      marbit_many_paths, portal_sewer_entry_f, eino_tiny_chamber
D:4:      first_ration
D:5:      overflow_temple_1_default, uniq_edmund
D:6:      nicolae_water_bricks
D:7:      nicolae_overflow_crystal_walls, minmay_temple_entry_glass,
          nicolae_qazlal_style_of_elements
D:8:      lair_entry_dummy
D:10:     minmay_orc_entry_guard_dogs
D:11:     lemuel_upstairs_altar, serial_shops,
          nicolae_shop_temple_entry_statues_fountains
Temple:   minmay_temple_bridge_abc
Sewer:    sewer_minmay_treatment

Skill      XL: |  1  2  3  4  5  6  7  8  9 |
---------------+----------------------------+-----
Spellcasting   | 5 6 |  6.9
Invocations    | 1 2 3 4 5 |  5.2
Short Blades   | 1 2 3 4 |  4.7
Long Blades    | 1 2 3 4 |  4.7
Axes           | 1 2 3 4 |  4.7
Maces & Flails | 1 2 3 4 |  4.7
Polearms       | 1 2 3 4 |  4.7
Staves         | 1 2 3 4 |  4.7
Slings         | 1 2 3 4 |  4.7
Bows           | 1 2 3 4 |  4.7
Crossbows      | 1 2 3 4 |  4.7
Throwing       | 1 2 3 4 |  4.7
Armour         | 1 2 3 4 |  4.7
Stealth        | 1 2 3 4 |  4.7
Shields        | 1 2 3 4 |  4.7
Evocations     | 1 2 3 4 |  4.7
Conjurations   | 1 2 3 |  3.9
Hexes          | 1 2 3 |  3.9
Charms         | 1 2 3 |  3.9
Summonings     | 1 2 3 |  3.9
Necromancy     | 1 2 3 |  3.9
Translocations | 1 2 3 |  3.9
Fire Magic     | 1 2 3 |  3.9
Ice Magic      | 1 2 3 |  3.9
Air Magic      | 1 2 3 |  3.9
Earth Magic    | 1 2 3 |  3.9
Poison Magic   | 1 2 3 |  3.9
Fighting       | 3 4 5 |  5.4
Transmutations | 4 5 |  5.5
Dodging        | 5 6 |  6.6
Unarmed Combat | 7 8 |  8.1

Action                   |  1- 3 |  4- 6 |  7- 9 | 10-12 || total
-------------------------+-------+-------+-------+-------++-------
Melee: Unarmed           |    80 |   170 |   153 |       ||   403
       Bite              |     3 |     2 |       |       ||     5
       Kick              |     7 |     5 |       |       ||    12
       Punch             |       |     1 |       |       ||     1
       Dagger            |       |       |     5 |       ||     5
 Cast: Beastly Appendage |    12 |     4 |       |       ||    16
       Sticks to Snakes  |     3 |     7 |     8 |       ||    18
       Spider Form       |     6 |    19 |    22 |       ||    47
Invok: Bend Time         |       |       |     2 |       ||     2
 Abil: End Transformatio |       |     1 |     3 |       ||     4
Evoke: Wand              |       |       |    11 |       ||    11
  Use: Scroll            |       |     9 |     4 |     1 ||    14
       Potion            |       |     5 |     8 |       ||    13
 Stab: Sleeping          |     1 |     2 |     2 |       ||     5
       Paralysed         |       |       |     9 |       ||     9
       Distracted        |       |       |     1 |       ||     1
  Eat: Chunk             |       |     4 |       |       ||     4
       Ration            |       |     1 |     1 |       ||     2
Armor: Robe              |    16 |    10 |       |       ||    26
       Skin              |       |     4 |     4 |       ||     8
       Leather armour    |       |       |     1 |       ||     1
Dodge: Dodged            |    38 |   149 |   126 |     2 ||   315

Table legend:
 A = Spawn XP
 B = Non-spawn XP
 C = Spawn XP percentage of total XP
 D = Spawn monster count
 E = Non-spawn monster count
 F = Spawn count percentage of total count
 G = Total turns spent on level
                    A         B        C        D         E        F      G
               +---------+---------+-------+---------+---------+-------+---------
         Total |       0 |    4694 |   0.0 |       0 |     157 |   0.0 |  2961
               +---------+---------+-------+---------+---------+-------+---------
           D:1 |       0 |       7 |   0.0 |       0 |       5 |   0.0 |   234
           D:2 |       0 |      15 |   0.0 |       0 |      11 |   0.0 |   189
           D:3 |       0 |     135 |   0.0 |       0 |      37 |   0.0 |   443
           D:4 |       0 |      14 |   0.0 |       0 |       1 |   0.0 |   195
           D:5 |       0 |     271 |   0.0 |       0 |       7 |   0.0 |   347
           D:6 |       0 |     226 |   0.0 |       0 |       6 |   0.0 |   174
           D:7 |       0 |     411 |   0.0 |       0 |      12 |   0.0 |   262
           D:8 |       0 |     216 |   0.0 |       0 |      11 |   0.0 |   157
           D:9 |       0 |     199 |   0.0 |       0 |       2 |   0.0 |   124
          D:10 |       0 |     219 |   0.0 |       0 |       2 |   0.0 |   142
          D:11 |       0 |    2795 |   0.0 |       0 |      15 |   0.0 |   273
         Sewer |       0 |     186 |   0.0 |       0 |      48 |   0.0 |   373
               +---------+---------+-------+---------+---------+-------+---------

Table legend:
 A = Turns spent in this place as a percentage of turns spent in the entire game.
 B = Non-inter-level travel turns spent in this place as a percentage of non-inter-level travel turns spent in the entire game.
 C = Inter-level travel turns spent in this place as a percentage of turns spent in this place.
 D = Turns resting spent in this place as a percentage of non-inter-level travel turns spent in this place.
 E = Turns spent auto-exploring this place as a percentage of non-inter-level travel turns spent in this place.
 F = Non-inter-level travel turns spent in this place divided by the number of levels of this place that you've seen.
                   A       B       C       D       E      F
               +-------+-------+-------+-------+-------+----------------------
         Total | 100.0 | 100.0 |   0.7 |   0.0 |   0.0 | 226.1
       Dungeon |  85.8 |  86.4 |   0.0 |   0.0 |   0.0 | 230.9
        Temple |   1.6 |   0.9 |  45.8 |   0.0 |   0.0 |  26.0
         Sewer |  12.6 |  12.7 |   0.0 |   0.0 |   0.0 | 373.0
               +-------+-------+-------+-------+-------+----------------------

Table legend:
 A = Kills in this place as a percentage of kills in entire the game.
 B = Kills by you in this place as a percentage of kills by you in the entire game.
 C = Kills by friends in this place as a percentage of kills by friends in the entire game.
 D = Other kills in this place as a percentage of other kills in the entire game.
 E = Experience gained in this place as a percentage of experience gained in the entire game.
 F = Experience gained in this place divided by the number of levels of this place that you have seen.
                   A       B       C       D       E      F
               +-------+-------+-------+-------+-------+----------------------
         Total | 100.0 | 100.0 | 100.0 |   N/A | 100.0 | 361.1
       Dungeon |  69.4 |  70.0 |  57.1 |   N/A |  96.0 | 409.8
         Sewer |  30.6 |  30.0 |  42.9 |   N/A |   4.0 | 186.0
               +-------+-------+-------+-------+-------+----------------------

Vault maps used:
D:1:      lightli_arrival_statuegarden
D:2:      minitemple, gammafunk_temple_overflow_statue, fedhas_altar_4
D:3:      marbit_many_paths, portal_sewer_entry_f, eino_tiny_chamber
D:4:      first_ration
D:5:      overflow_temple_1_default, uniq_edmund
D:6:      nicolae_water_bricks
D:7:      nicolae_overflow_crystal_walls, minmay_temple_entry_glass,
          nicolae_qazlal_style_of_elements
D:8:      lair_entry_dummy
D:10:     minmay_orc_entry_guard_dogs
D:11:     lemuel_upstairs_altar, serial_shops,
          nicolae_shop_temple_entry_statues_fountains
Temple:   minmay_temple_bridge_abc
Sewer:    sewer_minmay_treatment
